 Dungeon Crawl Stone Soup version 0.25.1-8-g42b30a86e7 (webtiles) character file.

Game seed: 11438357093012652995

342 Descartes the Ducker (level 6, -12/30 HPs)
             Began as a Felid Monk on Dec 22, 2020.
             Mangled by Menkaure (14 damage)
             ... on level 5 of the Dungeon.
             The game lasted 00:10:08 (7525 turns).

Descartes the Ducker (Felid Monk)                   Turns: 7525, Time: 00:10:08

Health: -12/30     AC:  2    Str:  9    XL:     6   Next: 30%
Magic:  7/7        EV: 22    Int: 12    God:
Gold:   261        SH:  0    Dex: 18    Spells: 5/5 levels left
                                        Lives:  0   Deaths: 2

rFire    . . .     SeeInvis +     - Unarmed
rCold    . . .     Gourm    .   (shield unavailable)
rNeg     . . .     Faith    .   (armour unavailable)
rPois    .         Spirit   .   (helmet unavailable)
rElec    .         Reflect  .   (cloak unavailable)
rCorr    .         Harm     .   (gloves unavailable)
MR       .....                  (boots unavailable)
Stlth    ++++......             (no amulet)
HPRegen  0.10/turn              (no ring)
MPRegen  0.10/turn              (no ring)

@: very slightly contaminated, invisible, quick
A: very small, no armour, no weapons or thrown items, stealth, claws 1, fangs 3,
see invisible, carnivore, speed 1, shaggy fur 2, slow metabolism 1, sharp paws
a: no special abilities


You were on level 5 of the Dungeon.
You were not hungry.

You visited 1 branch of the dungeon, and saw 5 of its levels.

You collected 261 gold pieces.

Inventory:

Missiles
 f - 180 stones
 m - 50 arrows
Wands
 g - a wand of enslavement (4)
 k - a wand of random effects (23)
Scrolls
 b - a scroll of enchant weapon {unknown}
 c - 2 scrolls of fear {unknown}
 i - 4 scrolls of remove curse
 j - 2 scrolls of magic mapping {unknown}
 n - a scroll of amnesia {unknown}
 s - a scroll of immolation {unknown}
Potions
 d - 2 potions of brilliance
 e - a potion of haste {unknown}
 h - 2 potions of flight {unknown}
 l - 5 potions of lignification
 o - a potion of invisibility
 p - 3 potions of curing
 q - 2 potions of berserk rage
 r - a potion of heal wounds {unknown}
 t - a potion of might {unknown}
Comestibles
 a - 6 rations


   Skills:
 - Level 5.0 Fighting
 + Level 6.7 Dodging
 + Level 6.4 Stealth
 + Level 5.0 Unarmed Combat


You had 5 spell levels left.
You didn't know any spells.
Your spell library contained the following spells:

 Spells                   Type           Power        Failure   Level  Hunger
 Beastly Appendage        Tmut           #.....       32%         1    ##.....
 Sticks to Snakes         Tmut           #.......     45%         2    ###....
 Spider Form              Tmut/Pois      #.........   69%         3    ####...
 Ice Form                 Ice/Tmut       #.......     97%         4    #####..
 Blade Hands              Tmut           #.........   100%        5    ######.


Dungeon Overview and Level Annotations

Branches:
Dungeon (5/15)
 Temple: D:4-7

Altars:
Cheibriados
Dithmenos
Elyvilon
Okawaru
Qazlal
Wu Jian
Zin

Shops:
D:4 (

Annotations:
D:5 Menkaure


Innate Abilities, Weirdness & Mutations

You cannot wear armour.
You are incapable of wielding weapons or throwing items.
Your paws allow you to move quietly. (Stealth)
You have sharp claws.
You have razor-sharp teeth.
You have supernaturally acute eyesight. (SInv)
You are carnivorous and can eat meat at any time.
You cover ground quickly.
You are covered in thick fur. (AC +2)
You have a slow metabolism.
Your sharp claws are effective at attacking unaware monsters.


Message History

Menkaure is almost destroyed.
Menkaure hits you!!
Ouch! That really hurt!
You die...
You are now level 6!
You rejoin the land of the living...
Found a stone staircase leading down.
Menkaure points at you and mumbles some strange words.
Pain shoots through your body!
Menkaure gestures at you while chanting.
Pain shoots through your body!
* * * LOW HITPOINT WARNING * * *
You are too injured to fight recklessly!
You are too injured to fight recklessly!
You fade into invisibility!
You are very lightly contaminated with residual magic.
You barely miss Menkaure.
Menkaure is almost destroyed.
Menkaure hits you!
You die...

#.......# ########## #.......#
#......>.# #.......# #........#
##.....## #........#
#########.......######........#
.....##........)....##........#
.....................#....#####
..M†.......^)..........###..>.#
............÷..M@......# #....#
......................####....#
.........................#....#
......................##......#
.....................#####....#
.....................##....<..#
.....#................#.##....#
##.................##....#
###............####....#


You could see Menkaure (fast).

Vanquished Creatures
  A water moccasin zombie (D:5)
  A scorpion (D:4)
  A bullfrog zombie (D:4)
  A crimson imp (D:4)
  2 hounds (D:4)
  2 jellies
  Ijyb (D:4)
  A bullfrog skeleton (D:4)
  5 worker ants
  2 orc wizards (D:3)
  6 gnolls
  5 adders
  An ooze (D:3)
  5 worms
  4 leopard geckos
  13 orcs
  6 bats
  5 giant cockroaches
  2 goblins (D:1)
  6 hobgoblins
  10 kobolds
  2 frilled lizards (D:1)
  2 leopard gecko skeletons (D:4)
  4 rats
88 creatures vanquished.

Notes
Turn   | Place    | Note
-------+----------+-------------------------------------------
     0 | D:1      | Descartes the Felid Monk began the quest for the Orb.
     0 | D:1      | Reached XP level 1. HP: 10/10 MP: 2/2
   160 | D:1      | Reached XP level 2. HP: 8/14 MP: 3/3
  1153 | D:2      | Found a stormy altar of Qazlal.
  1165 | D:2      | Reached XP level 3. HP: 17/17 MP: 4/4
  1681 | D:3      | Found an ornate altar of the Wu Jian Council.
  1969 | D:2      | Reached XP level 4. HP: 14/21 MP: 5/5
  2401 | D:3      | Killed from afar by an orc wizard
  2402 | D:3      | Reached XP level 3. HP: -1/17 MP: 4/4
  2424 | D:3      | Reached skill level 5 in Dodging
  2424 | D:3      | Reached XP level 4. HP: 22/22 MP: 5/5
  2983 | D:3      | Found a shadowy altar of Dithmenos.
  3015 | D:3      | Found an iron altar of Okawaru.
  3298 | D:3      | Reached XP level 5. HP: 20/25 MP: 6/6
  3511 | D:3      | Found a snail-covered altar of Cheibriados.
  3747 | D:3      | Reached skill level 5 in Stealth
  4391 | D:4      | Found Syirufev's Weapon Shop.
  4401 | D:4      | Gained mutation: You are covered in thick fur. (AC +2)
                  | [Felid growth]
  4401 | D:4      | Reached XP level 6. HP: 29/29 MP: 7/7
  4787 | D:4      | Found a white marble altar of Elyvilon.
  5483 | D:4      | Found a glowing silver altar of Zin.
  5483 | D:4      | Noticed an angel
  5483 | D:4      | Noticed Ijyb
  5496 | D:4      | Killed Ijyb
  5654 | D:5      | Entered Level 5 of the Dungeon
  5654 | D:5      | Noticed a hippogriff
  5844 | D:5      | Reached XP level 7. HP: 30/33 MP: 8/8
  6995 | D:4      | Reached skill level 5 in Unarmed Combat
  7292 | D:5      | Reached skill level 5 in Fighting
  7493 | D:5      | Noticed Menkaure
  7508 | D:5      | Slain by Menkaure
  7509 | D:5      | Reached XP level 6. HP: -4/30 MP: 7/7
  7525 | D:5      | Mangled by Menkaure

Illustrated notes

Levels and vault maps discovered:
D:1:      mainiacjoe_arrival_reflecting_pool, layout_loops_ring
D:2:      layout_rooms, nicolae_qazlal_eye_of_the_storm
D:3:      layout_basic, okawaru_gym_becter, lemuel_round_altar,
          lemuel_coloured_pillars_altar, lemuel_crystal_altar,
          minmay_misc_feat_columns
D:4:      layout_loops_ring, elyvilon_altar_5, zin_angel, first_ration,
          serial_shops, shop_fountains, uniq_ijyb
D:5:      layout_rooms, kennysheep_mini, grunt_gozag_breadcrumbs, uniq_menkaure

Skill      XL: |  1  2  3  4  5  6  7 |
---------------+----------------------+-----
Stealth        | 3 4 5 6 |  6.4
Dodging        | 5 6 |  6.7
Fighting       | 4 5 |  5.0
Unarmed Combat | 4 5 |  5.0

Action                   |  1- 3 |  4- 6 |  7- 9 || total
-------------------------+-------+-------+-------++-------
Melee: Unarmed           |   101 |   209 |    73 ||   383
       Bite              |     8 |    21 |     9 ||    38
       Punch             |       |     7 |     1 ||     8
  Use: Scroll            |     1 |     5 |     1 ||     7
       Potion            |       |     1 |       ||     1
 Stab: Sleeping          |     9 |    11 |     1 ||    21
       Distracted        |       |     2 |     1 ||     3
  Eat: Chunk             |    15 |     7 |     3 ||    25
Armor: Skin              |       |     6 |     3 ||     9
Dodge: Dodged            |    74 |   179 |    62 ||   315
